 Dungeon Crawl Stone Soup version 0.30-a0-913-g9934a0ce24 (webtiles) character file.

Game seed: 17007645933895559289

4075 Lobster4 the Covert (level 10, -1/49 HPs)
             Began as a Spriggan Enchanter on Mar 19, 2023.
             Hit by a javelin thrown by a centaur (2 damage)
             ... in a bailey.
             The game lasted 00:35:47 (8888 turns).

Lobster4 the Covert (Spriggan Enchanter)            Turns: 8888, Time: 00:35:48

Health: -1/49      AC:  5    Str:  4    XL:     10   Next: 5%
Magic:  9/21       EV: 21    Int: 16    God:
Gold:   531        SH:  5    Dex: 21    Spells: 11/22 levels left

rFire   + + .      SeeInvis +    a - +2 dagger (vamp)
rCold   . . .      Faith    .    (no shield)
rNeg    . . .      Spirit   .    H - +0 troll leather armour
rPois   .          Reflect  +    i - +1 hat {Stlth+}
rElec   .          Rampage  .    (no cloak)
rCorr   .                        (gloves unavailable)
Will    +....                    (boots unavailable)
Stlth   +++++                    s - amulet of reflection
HPRegen 1.08/turn                j - ring of protection from fire
MPRegen 0.17/turn                D - ring of protection from fire

@: confusing by touch, very quick
A: very small, no large weapons, unfitting armour, see invisible, speed 3
a: no special abilities


You were in a bailey.
You visited 2 branches of the dungeon, and saw 9 of its levels.
You also visited: Bailey.

You collected 531 gold pieces.

Inventory:

Hand Weapons
 a - a +2 vampiric dagger (weapon)
 b - a +2 arbalest of electrocution
 f - a +0 sling
 t - a +0 rapier of freezing
 J - a +2 shortbow of freezing
Missiles
 e - 2 throwing nets
 v - 44 stones
 C - 14 poisoned darts (quivered)
 G - 3 curare-tipped darts
Armour
 i - a +1 hat of stealth (worn)
 p - a +0 robe
 H - a +0 troll leather armour (worn)
Jewellery
 j - a ring of protection from fire (left hand)
 s - an amulet of reflection (around neck)
 D - a ring of protection from fire (right hand)
 I - a +6 ring of strength
Wands
 l - a wand of polymorph (5)
 E - a wand of digging (7)
 F - a wand of charming (4)
Scrolls
 k - 3 scrolls of magic mapping
 n - 2 scrolls of enchant weapon
 u - a scroll of immolation
 w - 2 scrolls of teleportation
Potions
 c - 2 potions of invisibility
 g - a potion of ambrosia
 h - 2 potions of mutation {unknown}
 m - 3 potions of curing
 o - a potion of brilliance {unknown}
 r - 3 potions of heal wounds {unknown}
 x - a potion of flight {unknown}
 A - a potion of magic


   Skills:
 + Level 4.0 Fighting
 + Level 5.5 Short Blades
 - Level 2.0 Ranged Weapons
 - Level 3.0 Throwing
 + Level 2.0 Armour
 + Level 7.4 Dodging
 + Level 9.1 Stealth
 + Level 6.8 Spellcasting
 + Level 1.4 Conjurations
 + Level 7.1 Hexes
 - Level 3.0 Ice Magic
 + Level 2.8 Evocations


You had 11 spell levels left.
You knew the following spells:

 Your Spells              Type           Power      Damage    Failure   Level
a - Ensorcelled Hibernat  Hex/Ice        42%        N/A       4%          2
b - Confusing Touch       Hex            28%        N/A       3%          3
c - Tukima's Dance        Hex            28%        N/A       3%          3
d - Dazzling Flash        Conj/Hex       38%        N/A       12%         3

Your spell library contained the following spells:

 Spells                   Type           Power      Damage    Failure   Level
 Hailstorm                Conj/Ice       12%        3d5       26%         3
 Leda's Liquefaction      Hex/Erth       8%         N/A       45%         4
 Ice Form                 Ice/Tmut       10%        N/A       75%         4
 Freezing Cloud           Conj/Ice/Air   5%         6-21      97%         5
 Lee's Rapid Deconstruct  Erth           2%         3d5*      99%         5
 Simulacrum               Ice/Necr       5%         N/A       100%        6
 Statue Form              Tmut/Erth      3%         N/A       100%        6
 Polar Vortex             Ice            7%         N/A       100%        9


Dungeon Overview and Level Annotations

Branches:
Dungeon (8/15)             Temple (1/1) D:7            Lair (0/5) D:8
 Bailey (1/1)

Altars:
Ashenzari
Cheibriados
Dithmenos
Elyvilon
Fedhas
Hepliaklqana
Kikubaaqudgha
Makhleb
Nemelex Xobeh
Okawaru
Qazlal
Ru
Sif Muna
Vehumet
Xom
Yredelemnul
Zin
The Shining One


Innate Abilities, Weirdness & Mutations

You are very small and have problems with some larger weapons.
You are too small for most types of armour.
You have supernaturally acute eyesight. (SInv)
You cover ground extremely quickly. (Speed+++)


Message History

Aim: a centaur, wielding a +0 trident, wearing a +0 scale mail and quivering javelins (chance to affect: 53%)
The centaur resists with significant effort.
You block the centaur's attack. The centaur completely misses you.
You block the centaur's attack.
Casting: Ensorcelled Hibernation (safe; 4% risk of failure)
Confirm with . or Enter, or press ? or * to list all spells.
Your hands begin to glow red.
The centaur completely misses you. The centaur closely misses you.
You block the centaur's attack. x2
The centaur misses you.
The centaur throws a javelin.
The javelin pierces through you.
Unknown command.
You hit the centaur but do no damage. The centaur hits you with a +3 trident!
The centaur kicks you but does no damage.
The centaur throws a javelin.
The javelin closely misses you.
You hit the centaur but do no damage. You block the centaur's attack.
The centaur kicks you but does no damage.
The centaur hits you from afar with a +0 trident!
You hit the centaur but do no damage. The centaur barely misses you.
The centaur closely misses you. The centaur kicks you.
You barely miss the centaur.
The centaur throws a javelin.
The javelin closely misses you. The centaur closely misses you. x2
The centaur throws a javelin.
The javelin pierces through you. The centaur completely misses you.
The centaur throws a javelin.
The javelin completely misses you.
Things that are here:
a +0 halberd; a +0 scale mail; an orc corpse The centaur throws a javelin.
The javelin misses you.
The centaur throws a javelin.
The javelin barely misses you.
The centaur throws a javelin.
The javelin pierces through you.
The centaur throws a javelin.
The javelin pierces through you!
* * * LOW HITPOINT WARNING * * *
The centaur throws a javelin.
The javelin completely misses you.
The centaur throws a javelin.
The javelin closely misses you.
The centaur throws a javelin.
The javelin misses you.
The centaur throws a javelin.
The javelin pierces through you.
* * * LOW HITPOINT WARNING * * *
The centaur throws a javelin.
The javelin pierces through you!
* * * LOW HITPOINT WARNING * * *
The centaur throws a javelin.
The javelin pierces through you.
You die...

.........###≈≈≈≈≈≈≈≈.......≈≈≈≈≈≈
##⌠.......#≈≈≈≈≈≈≈..≈≈≈≈≈≈≈..≈≈≈≈
.#####....#≈≈≈≈≈..≈≈≈....)≈≈≈..≈≈
≈....##..[#≈≈≈≈.≈≈≈.........≈≈≈.≈
≈≈≈.⌠.#...#≈≈≈≈c≈.......c.....≈.≈
..≈≈..#...#≈≈≈(≈≈.⌠.......).).≈≈.
≈≈.≈≈.#⌠.[#≈≈≈(≈...............≈.
.≈≈.≈.##[.#≈≈.≈≈....≈≈≈≈≈≈≈....≈≈
≈.≈.≈≈.#.[#####.@.≈≈≈~~c~~≈≈≈...≈
≈)≈≈.≈.#..[...[..≈≈≈o≈≈≈≈≈~~≈≈..≈
≈....≈.#..'.).)..≈≈≈~~?::≈≈≈~~...
≈.≈≈.≈.#..'...)..≈≈≈~≈≈≈≈≈~~≈≈..≈
≈.≈.≈≈.#..#####...≈≈≈~~~~~≈≈≈...≈
.≈≈.≈.##..#≈≈.≈≈....≈≈≈≈≈≈≈....≈≈
≈≈.≈≈.#⌠).#≈≈≈.≈...............≈.
..≈≈..#...#≈≈≈.≈≈.⌠.........⌠.≈≈.
≈≈≈.⌠.#...#≈≈≈≈.≈.............


You could see 2 centaurs and an orc.

Vanquished Creatures
  A troll (D:7)
  Prince Ribbit (D:5)
  Sigmund (D:5)
  Edmund (D:5)
  2 sky beasts (D:6)
  10 orc warriors
  3 ice beasts
  2 black bears (D:5)
  6 centaurs
  An ogre (D:6)
  A lemure (D:6)
  A phantom (D:6)
  3 kobold brigands
  A bullfrog (D:6)
  2 scorpions
  2 howler monkeys
  An orc priest (D:7)
  4 hounds
  3 jellies
  A gnoll bouda (D:7)
  A sleepcap (D:7)
  2 iguanas
  4 orc wizards (D:7)
  7 gnolls
  5 adders
  A shadow imp (D:7)
  2 white imps (D:7)
  2 worms
  2 dart slugs
  29 orcs
  A ball python (D:1)
  4 endoplasms
  4 giant cockroaches
  4 hobgoblins
  4 jackals (D:3)
  6 quokkas
  2 bats
  2 frilled lizards
  4 goblins
  23 kobolds
  7 rats
163 creatures vanquished.

Vanquished Creatures (collateral kills)
  A centaur (Bailey)
  2 orcs
3 creatures vanquished.

Vanquished Creatures (others)
  5 dancing weapons
  An orc (Bailey)
  8 fungi
14 creatures vanquished.

Grand Total: 180 creatures vanquished

Notes
Turn   | Place    | Note
-------+----------+-------------------------------------------
     0 | D:1      | Lobster4 the Spriggan Enchanter began the quest for the
                  | Orb.
     0 | D:1      | Reached XP level 1. HP: 9/9 MP: 5/5
   265 | D:1      | You fall into a shaft and drop 1 floor!
   323 | D:1      | Reached XP level 2. HP: 13/13 MP: 6/6
   344 | D:1      | Learned a level 2 spell: Ensorcelled Hibernation
  1393 | D:2      | Found a shimmering blue altar of Sif Muna.
  1651 | D:3      | Found a faded altar of an unknown god.
  1670 | D:3      | Reached XP level 3. HP: 17/17 MP: 8/8
  2042 | D:3      | Reached skill level 1 in Ranged Weapons
  2042 | D:3      | Reached XP level 4. HP: 19/21 MP: 2/9
  2381 | D:2      | Reached skill level 5 in Stealth
  2578 | D:3      | Reached skill level 1 in Fighting
  2650 | D:3      | Reached skill level 1 in Throwing
  2731 | D:3      | Found an iron altar of Okawaru.
  2827 | D:4      | Reached skill level 1 in Ice Magic
  2827 | D:4      | Reached XP level 5. HP: 25/25 MP: 10/10
  2839 | D:4      | Found a snail-covered altar of Cheibriados.
  3231 | D:4      | Reached XP level 6. HP: 30/30 MP: 12/12
  3487 | D:5      | Entered Level 5 of the Dungeon
  3504 | D:5      | Learned a level 3 spell: Tukima's Dance
  3684 | D:5      | Noticed Sigmund
  3691 | D:5      | Killed Sigmund
  3692 | D:5      | Reached skill level 6 in Stealth
  3692 | D:5      | Reached XP level 7. HP: 34/34 MP: 10/13
  3781 | D:5      | Noticed Prince Ribbit
  3918 | D:5      | Killed Prince Ribbit
  3919 | D:5      | Reached skill level 5 in Hexes
  4216 | D:5      | Found a glowing golden altar of the Shining One.
  4231 | D:5      | Noticed Edmund
  4550 | D:5      | Reached skill level 5 in Dodging
  4559 | D:5      | Killed Edmund
  4560 | D:5      | Reached XP level 8. HP: 39/39 MP: 5/15
  4796 | D:5      | Learned a level 3 spell: Confusing Touch
  4824 | D:5      | Reached skill level 7 in Stealth
  5063 | D:6      | Found a basalt altar of Yredelemnul.
  5090 | D:6      | Reached skill level 5 in Spellcasting
  5140 | D:6      | Found a sacrificial altar of Ru.
  5712 | D:6      | Found a white marble altar of Elyvilon.
  5894 | D:7      | Reached XP level 9. HP: 44/44 MP: 15/18
  6066 | D:7      | Noticed a troll
  6073 | D:7      | Killed a troll
  6074 | D:7      | Reached skill level 8 in Stealth
  6117 | D:7      | Found the +18 Lear's hauberk
  6572 | D:7      | Reached skill level 1 in Armour
  6605 | D:7      | Found a stormy altar of Qazlal.
  6648 | D:7      | Found a staircase to the Ecumenical Temple.
  6661 | Temple   | Entered the Ecumenical Temple
  6891 | D:7      | Learned a level 3 spell: Dazzling Flash
  7027 | D:7      | Reached skill level 5 in Short Blades
  7299 | D:7      | Found a shimmering blue altar of Sif Muna.
  7303 | D:7      | Reached skill level 1 in Evocations
  7514 | D:8      | Found a flagged portal.
  7547 | Bailey   | Entered a bailey
  7934 | Bailey   | Reached skill level 1 in Conjurations
  8323 | Bailey   | Reached skill level 9 in Stealth
  8676 | Bailey   | Reached XP level 10. HP: 49/49 MP: 16/21
  8888 | Bailey   | HP: 1/49 [centaur/javelin (7)]
  8888 | Bailey   | Hit by a javelin thrown by a centaur

Illustrated notes

Levels and vault maps discovered:
D:1:      minmay_arrival_three_doors, layout_basic, skrybe_limestone_x,
          nrook_campfire
D:2:      layout_rooms, basic_altar
D:3:      layout_rooms, okawaru_altar_gauntlet_db, ebering_ecumenical_altar_box
D:4:      layout_basic, mainiacjoe_overflow_paths
D:5:      layout_loops_ring, lemuel_doored_altar, uniq_prince_ribbit1,
          uniq_edmund, uniq_sigmund
D:6:      layout_basic, mainiacjoe_overflow_concentric_impassable,
          amcnicky_altar_gilded, yredelemnul_altar_generic,
          dreamdust_mushroom_princess, minmay_misc_feat_nine_boxes,
          bh_walls_and_bars, uniq_pikel
D:7:      layout_loops_corners, kennysheep_orc_sif_temple,
          mainiacjoe_overflow_chevrons, minmay_temple_entry_slanted,
          hellmonk_guarded_unrand_lears
D:8:      layout_loops_ring, gammafunk_temple_overflow_arena,
          mainiacjoe_overflow_catch_the_wave, david_lair_shrubbed,
          enter_bailey_8, hangedman_decor_growths
Temple:   nicolae_temple_ecumenical_triangle
Bailey:   bailey_polearm_flooded_kennysheep, bailey

Skill      XL: |  1  2  3  4  5  6  7  8  9 10 |
---------------+-------------------------------+-----
Dodging        | 3 4 5 6 7 |  7.4
Spellcasting   | 3 4 5 6 |  6.8
Hexes          | 4 5 6 7 |  7.1
Ranged Weapons | 1 2 |  2.0
Stealth        | 5 6 7 9 |  9.1
Fighting       | 1 2 3 4 |  4.0
Short Blades   | 2 3 4 5 |  5.5
Throwing       | 1 2 3 |  3.0
Ice Magic      | 1 2 3 |  3.0
Armour         | 1 2 |  2.0
Evocations     | 2 |  2.8
Conjurations   | 1 |  1.4

Action                     |  1- 3 |  4- 6 |  7- 9 | 10-12 || total
---------------------------+-------+-------+-------+-------++-------
  Melee: Dagger            |    74 |    52 |   226 |    12 ||   364
         Punch             |     1 |       |     1 |       ||     2
   Fire: Arbalest          |       |       |     4 |       ||     4
  Throw: Stone             |    16 |     4 |    32 |     4 ||    56
         Boomerang         |       |     6 |     9 |       ||    15
         Dart              |       |       |    14 |     3 ||    17
         Throwing net      |       |       |     1 |       ||     1
   Cast: Ensorcelled Hiber |     5 |    22 |    98 |     9 ||   134
         Confusing Touch   |       |       |    21 |     2 ||    23
         Tukima's Dance    |       |       |     8 |     3 ||    11
    Use: Scroll            |     1 |     3 |     9 |     1 ||    14
         Potion            |       |       |     1 |       ||     1
   Stab: Sleeping          |    18 |    21 |    55 |     1 ||    95
         Distracted        |     2 |       |       |       ||     2
         Confused          |       |       |    17 |       ||    17
 Armour: Robe              |     4 |     1 |     5 |       ||    10
         Troll leather arm |       |       |    17 |     5 ||    22
  Dodge: Dodged            |    37 |    26 |   165 |    54 ||   282
  Block: Other             |     5 |    10 |    40 |     8 ||    63
         Reflection        |       |     1 |     1 |       ||     2

Table legend: (Time is in decaauts)
 A = Elapsed time spent in this place.
 B = Non-inter-level travel time spent in this place.
 C = Inter-level travel time spent in this place.
 D = Time resting spent in this place.
 E = Time spent auto-exploring this place.
 F = Levels seen in this place.
 G = Mean time per level.
                   A        B        C        D        E       F      G
               +--------+--------+--------+--------+--------+-----+--------+
         Total |   6478 |   6194 |    284 |   1144 |   3162 |  10 |  647.8 |
       Dungeon |   5320 |   5044 |    276 |    744 |   2904 |   8 |  665.0 |
        Temple |     68 |     61 |      7 |      0 |     56 |   1 |   68.0 |
        Bailey |   1090 |   1090 |      0 |    399 |    201 |   1 | 1090.0 |
               +--------+--------+--------+--------+--------+-----+--------+

Top non-repeatable levels by time:
  Bailey: 1090 daAuts
     D:5: 1056 daAuts
     D:7: 1027 daAuts
     D:1: 746 daAuts
     D:3: 671 daAuts
     D:4: 613 daAuts
     D:6: 604 daAuts
     D:2: 502 daAuts
     D:8: 97 daAuts
  Temple: 68 daAuts
